 Dungeon Crawl Stone Soup version 0.20-a0-277-g7db01f4 (webtiles) character file.

24045 HarryHood the Basher (level 13, -8/129 HPs)
             Began as a Gargoyle Berserker on Dec 13, 2016.
             Was a High Priest of Trog.
             Killed by divine providence
             ... invoked by Saint Roka
              (12 damage)
             ... on level 2 of the Orcish Mines on Dec 14, 2016.
             The game lasted 01:13:59 (14405 turns).

HarryHood the Basher (Gargoyle Berserker)          Turns: 14405, Time: 01:14:00

Health: -8/129     AC: 31    Str: 27    XL:     13   Next: 10%
Magic:  13/13      EV:  2    Int:  9    God:    Trog [*****.]
Gold:   1592       SH: 18    Dex: 12    Spells: 12/12 levels left

rFire  . . .     SeeInvis .     n - +3 morningstar (holy)
rCold  . . .     Gourm    .     (armour currently unavailable)
rNeg   + + +     Faith    .     o - +0 large shield
rPois  ∞         Spirit   .     (helmet currently unavailable)
rElec  .         Reflect  .     (cloak currently unavailable)
rCorr  .         Harm     .     (gloves currently unavailable)
MR     ++...     NoTele   +     (boots currently unavailable)
Stlth  +.........               (no amulet)
                                G - ring of positive energy
                                v - +5 ring of protection

@: mighty, tree-form, regenerating
A: negative energy resistance 1, (electricity resistance), (unbreathing),
petrification resistance, rot immunity, AC +9
a: Berserk, Trog's Hand, Brothers in Arms, Burn Spellbooks, Renounce Religion


You were on level 2 of the Orcish Mines.
You worshipped Trog.
Trog was extremely pleased with you.
You were very hungry.
You were a tree.
You visited 4 branches of the dungeon, and saw 16 of its levels.
You also visited: Ossuary.

You collected 1649 gold pieces.
You spent 57 gold pieces at shops.

Inventory:

Hand Weapons
 n - a +3 morningstar of holy wrath (weapon)
Armour
 f - a +1 pair of gloves (melded)
 o - a +0 large shield (worn)
 x - a +0 helmet (melded)
 y - a +1 cloak (melded)
 I - a +0 plate armour (melded)
Jewellery
 v - a +5 ring of protection (left branch)
 F - an uncursed ring of fire
 G - a ring of positive energy (right branch)
Scrolls
 l - 3 scrolls of fog
 s - 5 scrolls of remove curse
 A - 3 scrolls of identify
 B - a scroll of recharging
 D - a scroll of magic mapping
Potions
 e - 7 potions of curing
 g - 4 potions of invisibility
 h - 2 potions of agility
 i - 2 potions of lignification
 k - 4 potions of haste
 m - a potion of ambrosia
 p - a potion of berserk rage
 q - a potion of brilliance
 r - a potion of cancellation
 u - a potion of heal wounds
 z - 4 potions of flight
 E - a potion of beneficial mutation
Comestibles
 b - 7 royal jellies
 c - 8 bread rations
 d - 4 beef jerkies
 j - 6 meat rations
 t - 9 fruits
 w - 9 chunks of flesh


   Skills:
 - Level 12.0 Fighting
 - Level 12.0 Maces & Flails
 * Level 10.6 Armour
 - Level 6.6 Dodging
 + Level 9.6 Shields


You had 12 spell levels left.
You didn't know any spells.

Dungeon Overview and Level Annotations

Branches:
Dungeon (12/15)            Temple (1/1) D:6            Lair (1/6) D:8
    Orc (2/2) D:11            Elf (0/3) Orc:2

Altars:
Ashenzari
Cheibriados
Dithmenos
Elyvilon
Fedhas
Gozag
Hepliaklqana
Kikubaaqudgha
Makhleb
Nemelex Xobeh
Okawaru
Qazlal
Ru
Sif Muna
Trog
Uskayaw
Vehumet
Xom
Yredelemnul
Zin
The Shining One
Beogh

Shops:
D:11 [   Orc:1 ((*

Annotations:
Orc:2 Saint Roka


Innate Abilities, Weirdness & Mutations

You are resistant to torment.
((Your stone body is resilient. (AC +9)))
You are immune to poison.
You resist negative energy. (rN+)
((You are resistant to electric shocks. (rElec)))
((You can survive without breathing.))
You are immune to petrification.
You are immune to rotting.


Message History

You block the warg's attack.
You impale Saint Roka!!
Saint Roka is severely wounded.
You block the warg's attack.
Saint Roka calls down the wrath of Beogh upon you.
Beogh smites you!
* * * LOW HITPOINT WARNING * * *
You sock Saint Roka!
Saint Roka is severely wounded.
You block the warg's attack.
Saint Roka mumbles some strange prayers to Beogh against you.
Beogh smites you!
* * * LOW HITPOINT WARNING * * *
You block the warg's attack.
You impale Saint Roka!!
Saint Roka is severely wounded.
You block the warg's attack.
Saint Roka invokes the aid of Beogh against you.
Beogh smites you!
You die...

#### ### ## ## ##..#####.### ..##
##.#..###. ##....#......##
.<.#.#......... #..........)..##
#...............
##^#.....)##...##....#.#........#
####..#..#....h#................
##.........)ho♣.........#.....#
##.......#..#.##..#.#........(..
##...........)##...# ###.........
.#.............#..## #.$.........
...........))((....# .......<....
....).......##.#.................
........#######.....#..####......
.......o# .....#. #..#...
.)......# 8...8# #..#...


You could see Saint Roka and 2 wargs.

Vanquished Creatures
  A hydra (D:12)
  An orc high priest (Orc:2)
  2 orc knights
  2 hill giants (D:11)
  Pikel (D:7)
  2 ugly things (D:12)
  3 cyclopes
  3 orc sorcerers (Orc:2)
  A deep elf mage (Orc:2)
  2 manticores
  2 kobold demonologists (D:12)
  A queen bee (D:9)
  4 two-headed ogres
  7 trolls
  3 slime creatures (D:12)
  6 hippogriffs
  A wraith (D:11)
  3 yaks (D:11)
  A basilisk (D:12)
  Grum (D:8)
  2 vampire mosquitoes (D:12)
  4 wargs
  2 porcupines (D:8)
  Duvessa (D:7)
  5 ice beasts
  22 orc warriors
  A hornet zombie (D:6)
  2 sky beasts
  2 black bears
  A necrophage (D:12)
  11 ogres
  An eye of draining (D:10)
  A slave (D:7)
  3 wolves (D:8)
  11 centaurs
  8 big kobolds
  7 bullfrogs
  2 gnoll sergeants (D:11)
  10 scorpions
  2 wyvern skeletons
  Dowan (D:7)
  15 killer bees
  A bullfrog zombie (D:7)
  6 crimson imps
  2 quasits (D:11)
  A bullfrog skeleton (D:4)
  3 hounds
  11 orc priests
  4 jellies
  2 centaur skeletons
  20 orc wizards
  3 iguanas
  7 worker ants
  4 big kobold zombies (Ossuary)
  2 hound zombies (Ossuary)
  A hound skeleton (D:9)
  5 mummies
  13 adders
  5 gnolls (D:11)
  A shadow imp (D:7)
  An ooze (D:2)
  4 adder zombies
  An adder skeleton (D:4)
  A worm (D:2)
  A dart slug (D:1)
  9 leopard geckos
  63 orcs
  15 bats
  16 giant cockroaches
  10 goblins
  7 hobgoblins
  9 jackals
  14 kobolds
  4 quokkas
  A ball python (D:2)
  6 frilled lizards
  A gnoll zombie (Ossuary)
  A goblin zombie (Ossuary)
  A hobgoblin zombie (Ossuary)
  A jackal zombie (Ossuary)
  A quokka zombie (D:8)
  9 rats
428 creatures vanquished.

Vanquished Creatures (collateral kills)
  An orc priest (Orc:2)
  2 orc wizards (Orc:2)
  4 orcs (Orc:2)
7 creatures vanquished.

Vanquished Creatures (others)
  A crimson imp (D:7)
  An orc wizard (Orc:2)
  An orc (Orc:2)
  A quokka (D:7)
4 creatures vanquished.

Grand Total: 439 creatures vanquished

Notes
Turn   | Place    | Note
-------+----------+-------------------------------------------
     0 | D:1      | HarryHood the Gargoyle Berserker began the quest for the Orb.
     0 | D:1      | Reached XP level 1. HP: 14/14 MP: 1/1
    44 | D:1      | Reached XP level 2. HP: 7/19 MP: 2/2
   926 | D:1      | Reached XP level 3. HP: 23/23 MP: 3/3
  1356 | D:2      | Reached ** piety under Trog
  1431 | D:2      | Found a shimmering altar of Xom.
  1490 | D:2      | Reached XP level 4. HP: 28/28 MP: 4/4
  1729 | D:2      | Reached skill level 5 in Maces & Flails
  2335 | D:3      | Reached XP level 5. HP: 17/32 MP: 5/5
  2566 | D:3      | Found a bloodstained altar of Trog.
  3105 | D:4      | Reached *** piety under Trog
  3134 | D:4      | Found a glowing golden altar of the Shining One.
  3135 | D:4      | Found an opulent altar of Gozag.
  3136 | D:4      | Found a hide-covered altar of Uskayaw.
  3234 | D:4      | Reached XP level 6. HP: 38/38 MP: 6/6
  3276 | D:4      | Reached skill level 5 in Fighting
  3676 | D:5      | Entered Level 5 of the Dungeon
  3705 | D:5      | Reached XP level 7. HP: 38/46 MP: 7/7
  3874 | D:5      | Found an iron altar of Okawaru.
  4115 | D:5      | Reached skill level 5 in Armour
  4145 | D:5      | Reached skill level 1 in Shields
  4150 | D:5      | Reached XP level 8. HP: 48/51 MP: 8/8
  4482 | D:6      | Reached **** piety under Trog
  4732 | D:6      | Found a staircase to the Ecumenical Temple.
  4741 | Temple   | Entered the Ecumenical Temple
  5021 | D:6      | Reached XP level 9. HP: 55/55 MP: 9/9
  5635 | D:7      | Found a sand-covered staircase.
  5646 | D:7      | Reached skill level 5 in Shields
  5757 | Ossuary  | Entered an ossuary
  5786 | Ossuary  | Received a gift from Trog
  5931 | Ossuary  | Reached ***** piety under Trog
  6157 | D:7      | Noticed Pikel
  6175 | D:7      | Killed Pikel
  6428 | D:7      | Noticed Dowan
  6429 | D:7      | Noticed Duvessa
  6433 | D:7      | Noticed a two-headed ogre
  6436 | D:7      | Killed Dowan
  6440 | D:7      | Killed Duvessa
  6442 | D:7      | Killed a two-headed ogre
  6442 | D:7      | Reached XP level 10. HP: 50/65 MP: 10/10
  7872 | D:8      | Found a staircase to the Lair.
  7881 | D:8      | Received a gift from Trog
  8177 | D:8      | Noticed Grum
  8191 | D:8      | Killed Grum
  8595 | D:9      | Reached XP level 11. HP: 66/71 MP: 11/11
  8756 | D:9      | Reached skill level 5 in Dodging
  8851 | D:9      | Reached skill level 10 in Maces & Flails
  9609 | D:10     | Entered Level 10 of the Dungeon
 10282 | D:11     | Found Ishrott's Armour Shop.
 10444 | D:11     | Noticed a manticore
 10453 | D:11     | Killed a manticore
 10552 | D:11     | Found a staircase to the Orcish Mines.
 10944 | D:11     | Found a burning altar of Makhleb.
 11113 | D:11     | Noticed a hill giant
 11122 | D:11     | Killed a hill giant
 11258 | D:11     | Noticed a hill giant
 11270 | D:11     | Killed a hill giant
 11380 | D:11     | Found a shimmering altar of Xom.
 11432 | D:11     | Found a shimmering altar of Xom.
 11445 | D:11     | Found a shimmering altar of Xom.
 11445 | D:11     | Found a shimmering altar of Xom.
 11728 | D:12     | Reached XP level 12. HP: 65/76 MP: 12/12
 11799 | D:12     | Reached skill level 10 in Fighting
 12426 | D:12     | Noticed a four-headed hydra
 12456 | D:12     | Killed a four-headed hydra
 13042 | Lair:1   | Entered Level 1 of the Lair of Beasts
 13163 | Orc:1    | Entered Level 1 of the Orcish Mines
 13221 | Orc:2    | Entered Level 2 of the Orcish Mines
 13263 | Orc:2    | Found a staircase to the Elven Halls.
 13385 | Orc:2    | Found a labyrinth entrance.
 13398 | Orc:1    | Found a roughly hewn altar of Beogh.
 13456 | Orc:1    | Found Diajiem's Weapon Shop.
 13496 | Orc:1    | Found Ushuem's Assorted Antiques.
 13507 | Orc:1    | Found Jioschot's Weapon Emporium.
 13521 | Orc:1    | Bought a scroll of remove curse for 57 gold pieces
 13666 | Orc:2    | Received a gift from Trog
 13786 | Orc:2    | Paralysed by an orc sorcerer for 3 turns
 14059 | Orc:2    | Reached skill level 10 in Armour
 14059 | Orc:2    | Reached XP level 13. HP: 38/86 MP: 13/13
 14367 | Orc:2    | Noticed Saint Roka
 14404 | Orc:2    | HP: 2/129 [Saint Roka/divine providence (11)]
 14405 | Orc:2    | Killed from afar by Saint Roka

Vault maps used:
D:1:      shiori_arrival_elements, minmay_box_of_dots
D:2:      minmay_roachtagon, overflow_temple_1_default, serial_forest,
          infiniplex_forest_straight_3, infiniplex_forest_lined_2,
          infiniplex_forest_fountain, infiniplex_forest_clump_curved,
          infiniplex_forest_lined_room_2, infiniplex_forest_clump_small,
          infiniplex_forest_lined_1, infiniplex_forest_straight_5,
          infiniplex_forest_clump_C, st_stairs_10
D:3:      overflow_temple_1_default
D:4:      gammafunk_temple_overflow_forgotten, first_bread
D:5:      kennysheep_okawaru_gauntlet
D:6:      old_forge
D:7:      gup_ossuary_entry_pyramid, uniq_duvessa, uniq_pikel
D:8:      grunt_lair_entry_orc_guard_hut, uniq_grum
D:9:      enter_bailey_7, david_nohive_1
D:10:     hangedman_decor_peaks_small, hangedman_abyss_or_decor_passed,
          minmay_misc_feat_more_columns, item_on_display_a
D:11:     kennysheep_orc_monster_closet_entryway, serial_shops, shop,
          basic_altar, xom_shifter_show
D:12:     hangedman_cross_cluster, serial_undead, serial_undead_c,
          serial_undead_e, serial_undead_b, serial_undead_b, uniq_urug
Temple:   eino_temple_rhombus
Orc:1:    basic_altar, serial_shops, shop, shop, shop, nicolae_shop_waterfront
Orc:2:    grunt_orc_cross, lab_entry_generic
Ossuary:  ossuary_minmay_tomb_2a

Skill      XL: |  1  2  3  4  5  6  7  8  9 10 11 12 |
---------------+-------------------------------------+-----
Maces & Flails | 4 5 6 8 9 12 | 12.0
Fighting       | 4 6 8 9 12 | 12.0
Armour         | 5 6 9 10 | 10.6
Shields        | 1 4 6 9 |  9.6
Dodging        | 2 4 6 |  6.6

Action                   |  1- 3 |  4- 6 |  7- 9 | 10-12 | 13-15 || total
-------------------------+-------+-------+-------+-------+-------++-------
Melee: Mace              |   112 |   167 |       |       |       ||   279
       Morningstar       |       |    16 |   519 |  1163 |    62 ||  1760
Invok: Burn Spellbooks   |       |     1 |     1 |     2 |       ||     4
       Berserk           |       |     1 |     3 |     5 |       ||     9
       Brothers in Arms  |       |       |       |     1 |     1 ||     2
       Trog's Hand       |       |       |       |       |     1 ||     1
  Use: Scroll            |     5 |     5 |    13 |    12 |       ||    35
       Potion            |       |       |       |     4 |     2 ||     6
  Eat: Chunk             |     2 |     8 |     9 |    24 |     2 ||    45
       Bread ration      |       |       |     1 |     1 |       ||     2
       Royal jelly       |       |       |       |     1 |       ||     1
Armor: Animal skin       |     9 |       |       |       |       ||     9
       Ring mail         |    42 |    22 |       |       |       ||    64
       Chain mail        |       |    72 |   405 |   710 |       ||  1187
       Skin              |       |       |       |    10 |     1 ||    11
       Plate armour      |       |       |       |    49 |    20 ||    69
Dodge: Dodged            |    74 |    56 |    87 |   310 |     5 ||   532
Block: Large shield      |       |    61 |   437 |  1174 |    45 ||  1717
